 Dungeon Crawl Stone Soup version 0.30-a0-358-g0d69a1922f (webtiles) character file.

Game seed: 3894960334632334558

3488 retardedninja the Cleaver (level 10, -4/91 HPs)
             Began as a Hill Orc Fighter on Nov 10, 2022.
             Was an Initiate of Gozag.
             Slain by a death yak (8 damage)
             ... on level 7 of the Dungeon.
             The game lasted 00:10:25 (10694 turns).

retardedninja the Cleaver (Hill Orc Fighter)       Turns: 10694, Time: 00:10:26

Health: -4/91      AC: 13    Str: 22 (24) XL:     10   Next: 7%
Magic:  10/10      EV:  6    Int:  8      God:    Gozag
Gold:   932        SH:  5    Dex: 10      Spells: 9/9 levels left

rFire   . . .      SeeInvis .    a - +0 war axe
rCold   . . .      Faith    .    c - +0 buckler
rNeg    . . .      Spirit   .    g - +0 plate armour
rPois   .          Reflect  .    (no helmet)
rElec   .          Harm     .    (no cloak)
rCorr   .          Rampage  .    (no gloves)
Will    .....                    (no boots)
Stlth   ..........               h - amulet of regeneration
HPRegen 1.15/turn                (no ring)
MPRegen 0.12/turn                (no ring)

@: no status effects
A: no striking features
a: Renounce Religion, Potion Petition, Call Merchant, Bribe Branch


You were on level 7 of the Dungeon.
You worshipped Gozag.
Gozag was pleased with you.
You visited 2 branches of the dungeon, and saw 9 of its levels.

You collected 999 gold pieces.
You paid 67 gold pieces to Gozag.

Inventory:

Hand Weapons
 a - a +0 war axe (weapon)
Missiles
 d - 2 silver javelins (quivered)
Armour
 b - a +0 scale mail
 c - a +0 buckler (worn)
 g - a +0 plate armour (worn)
Jewellery
 f - a +6 ring of dexterity
 h - an amulet of regeneration (around neck)
 m - a +6 ring of dexterity
 p - a +6 ring of dexterity
Wands
 A - a wand of mindburst (8)
Scrolls
 i - a scroll of acquirement {unknown}
 j - 4 scrolls of poison
 k - a scroll of immolation {unknown}
 n - a scroll of enchant armour {unknown}
 q - 4 scrolls of teleportation
 s - a scroll of blinking {unknown}
 w - 2 scrolls of magic mapping {unknown}
 y - 2 scrolls of summoning {unknown}
 C - 2 scrolls of torment {unknown}
Potions
 e - a potion of attraction
 l - a potion of resistance
 o - a potion of lignification {unknown}
 t - 3 potions of mutation
 v - a potion of degeneration
 z - a potion of cancellation
 B - a potion of magic {unknown}


   Skills:
 + Level 9.2 Fighting
 + Level 9.5 Axes
 + Level 8.4 Armour
 + Level 8.4 Shields


You had 9 spell levels left.
You didn't know any spells.
Your spell library contained the following spells:

 Spells                   Type           Power      Damage    Failure   Level
 Ozocubu's Armour         Ice            0%         N/A       100%        3
 Ozocubu's Refrigeration  Ice            0%         4d7       100%        7


Dungeon Overview and Level Annotations

Branches:
Dungeon (8/15)             Temple (1/1) D:4
   Lair: D:8-11

Altars:
Ashenzari
Cheibriados
Dithmenos
Elyvilon
Fedhas
Gozag
Kikubaaqudgha
Makhleb
Nemelex Xobeh
Okawaru
Qazlal
Ru
Trog
Uskayaw
Vehumet
Wu Jian
Yredelemnul
Zin
The Shining One
Lugonu

Annotations:
D:1 2 transporters


Message History

You kill the water moccasin!
You hit the death yak. You block the death yak's attack.
A quokka comes into view.
Your life force feels restored.
There is a stone staircase leading up here.
You block the death yak's attack.
You climb upwards.
There is a stone staircase leading down here.
The death yak gores you!!
You hit the death yak.
The death yak is moderately wounded.
The death yak gores you!!
You slash the death yak!
The death yak is moderately wounded.
The death yak gores you.
You barely miss the death yak.
The death yak is moderately wounded.
The death yak gores you but does no damage.
You slash the death yak!
The death yak is heavily wounded.
The death yak gores you!!
You hit the death yak but do no damage.
The death yak is heavily wounded.
The death yak gores you!
* * * LOW HITPOINT WARNING * * *
You hit the death yak but do no damage.
The death yak is heavily wounded.
The death yak gores you!
* * * LOW HITPOINT WARNING * * *
Unknown command.
Okay, then.
You hit the death yak but do no damage.
The death yak is heavily wounded.
The death yak gores you!
* * * LOW HITPOINT WARNING * * *
You barely miss the death yak.
The death yak is heavily wounded.
The death yak gores you!
You die...
Your body crumbles into a pile of gold.

.##..###....##...................
..#...#....####..................
.........#####................#..
.............................####
P.._..PPPP..####............## #
......................##...## #
...................######...## #
................Y...## ##...####
...............>@....## ##...##.
......................######.....
.........................####....
..........................# ##...
..........................# #.>.
............))...........## ##..
.......(......)...........#####..
...............).................
..............................#..


You could see a death yak.

Vanquished Creatures
  6 yaks (D:6)
  An orc warrior (D:7)
  A water moccasin (D:8)
  A sky beast (D:6)
  2 black bears
  An ice beast (D:6)
  2 ogres
  A kobold brigand (D:6)
  A bullfrog (D:6)
  Blork the orc (D:6)
  2 necrophages
  4 scorpions
  5 wights (D:7)
  5 killer bees (D:6)
  3 howler monkeys
  4 hounds
  A jelly (D:5)
  A gnoll bouda (D:6)
  2 orc priests
  6 orc wizards
  5 iguanas
  6 adders
  7 gnolls
  A white imp (D:7)
  An ufetubus (D:5)
  5 dart slugs
  28 orcs
  4 endoplasms
  3 giant cockroaches
  9 goblins
  6 hobgoblins
  3 jackals (D:5)
  7 kobolds
  5 quokkas
  4 ball pythons
  5 bats
  5 frilled lizards
  3 rats
157 creatures vanquished.

Notes
Turn   | Place    | Note
-------+----------+-------------------------------------------
     0 | D:1      | retardedninja the Hill Orc Fighter began the quest for the
                  | Orb.
     0 | D:1      | Reached XP level 1. HP: 19/19 MP: 1/1
   195 | D:1      | Reached XP level 2. HP: 27/27 MP: 2/2
   272 | D:1      | Found a faded altar of an unknown god.
   794 | D:2      | Reached XP level 3. HP: 33/33 MP: 3/3
  1431 | D:3      | Reached XP level 4. HP: 31/40 MP: 4/4
  1645 | D:3      | HP: 1/41 [orc priest/divine providence (11)]
  2103 | D:3      | Reached XP level 5. HP: 35/47 MP: 5/5
  2523 | D:4      | Noticed a black bear
  2532 | D:4      | Killed a black bear
  2533 | D:4      | Reached skill level 5 in Fighting
  2580 | D:4      | Reached XP level 6. HP: 56/56 MP: 6/6
  2602 | D:4      | Found an ornate altar of the Wu Jian Council.
  2717 | D:4      | Reached skill level 5 in Axes
  2717 | D:4      | Reached skill level 5 in Armour
  2935 | D:4      | Reached skill level 5 in Shields
  2935 | D:4      | Reached XP level 7. HP: 48/61 MP: 7/7
  3095 | D:4      | Found a staircase to the Ecumenical Temple.
  3107 | Temple   | Entered the Ecumenical Temple
  3188 | Temple   | Became a worshipper of Gozag Ym Sagoz the Greedy
  3583 | D:5      | Entered Level 5 of the Dungeon
  3665 | D:5      | Found a white marble altar of Elyvilon.
  3665 | D:5      | Found a blossoming altar of Fedhas.
  3666 | D:5      | Found a hide-covered altar of Uskayaw.
  3826 | D:5      | Found a snail-covered altar of Cheibriados.
  3859 | D:5      | Reached XP level 8. HP: 71/71 MP: 8/8
  4506 | D:5      | Found a burning altar of Makhleb.
  5633 | D:6      | Noticed Blork the orc
  5651 | D:6      | Killed Blork the orc
  5749 | D:6      | Found a glowing silver altar of Zin.
  6240 | D:7      | Noticed a yak
  6244 | D:7      | Noticed a yak
  6245 | D:7      | Noticed a yak
  6245 | D:7      | Noticed a yak
  6538 | D:7      | Noticed a yak
  6550 | D:6      | Killed a yak
  6554 | D:6      | Killed a yak
  6555 | D:6      | Reached XP level 9. HP: 21/81 MP: 9/9
  8570 | D:7      | HP: 3/82 [orc priest/divine providence (11)]
  9196 | D:7      | Found a glowing golden altar of the Shining One.
  9330 | D:7      | Found a shadowy altar of Dithmenos.
  9701 | D:7      | Reached XP level 10. HP: 37/87 MP: 10/10
 10335 | D:7      | Found a sacrificial altar of Ru.
 10674 | D:8      | Noticed a death yak
 10677 | D:8      | Noticed a death yak
 10679 | D:8      | Noticed a death yak
 10693 | D:7      | HP: 3/91 [death yak (13)]
 10694 | D:7      | Slain by a death yak

Illustrated notes

Levels and vault maps discovered:
D:1:      spicycebolla_arrival_transporter_tutorial, layout_loops_cross,
          ebering_ecumenical_altar_webs
D:2:      layout_loops_ring
D:3:      layout_basic
D:4:      layout_loops_cross, kennysheep_mini, temple_doors_ab, feat_on_display
D:5:      layout_cave_pools, gammafunk_temple_overflow_claw,
          kennysheep_slug_shrine, makhleb_heckhound_becter
D:6:      layout_loops_ring, zin_academy, uniq_blork_the_orc
D:7:      layout_layer_cave, mainiacjoe_overflow_boulevard,
          mainiacjoe_overflow_six_doors_small, nicolae_dithmenos_shadow_blocks,
          nrook_uturn
D:8:      layout_loops_ring, tgw_sif, dpeg_lair_monsters, uniq_psyche
Temple:   kb_corrupted_temple

Skill      XL: |  1  2  3  4  5  6  7  8  9 |
---------------+----------------------------+-----
Axes           | 3 4 5 6 7 9 |  9.5
Fighting       | 4 5 6 7 9 |  9.2
Armour         | 4 5 7 8 |  8.4
Shields        | 4 5 7 8 |  8.4

Action                   |  1- 3 |  4- 6 |  7- 9 | 10-12 || total
-------------------------+-------+-------+-------+-------++-------
Melee: War axe           |   120 |   112 |   369 |    27 ||   628
Throw: Javelin           |       |     8 |     1 |       ||     9
       Throwing net      |       |     4 |       |       ||     4
  Use: Potion            |       |     3 |     9 |       ||    12
       Scroll            |       |       |    12 |     2 ||    14
 Stab: Distracted        |       |       |     1 |     1 ||     2
Armor: Scale mail        |    18 |       |       |       ||    18
       Plate armour      |    58 |    95 |   280 |    16 ||   449
Dodge: Dodged            |    47 |    38 |   121 |     7 ||   213
Block: Buckler           |    38 |    30 |   111 |     5 ||   184

Table legend: (Time is in decaauts)
 A = Elapsed time spent in this place.
 B = Non-inter-level travel time spent in this place.
 C = Inter-level travel time spent in this place.
 D = Time resting spent in this place.
 E = Time spent auto-exploring this place.
 F = Levels seen in this place.
 G = Mean time per level.
                   A        B        C        D        E       F      G
               +--------+--------+--------+--------+--------+-----+--------+
         Total |  10853 |  10541 |    312 |   4153 |   5049 |   9 | 1205.9 |
       Dungeon |  10757 |  10458 |    299 |   4153 |   4985 |   8 | 1344.6 |
        Temple |     95 |     82 |     13 |      0 |     64 |   1 |   95.0 |
               +--------+--------+--------+--------+--------+-----+--------+

Top non-repeatable levels by time:
     D:6: 4046 daAuts
     D:7: 1751 daAuts
     D:5: 1345 daAuts
     D:3: 1194 daAuts
     D:4: 1022 daAuts
     D:1: 823 daAuts
     D:2: 562 daAuts
  Temple: 95 daAuts
     D:8: 12 daAuts
